 Dungeon Crawl Stone Soup version 0.30-a0-57-g8b159a9891 (webtiles) character file.

Game seed: 99516621055116923

537841 Decritt the Slayer (level 25, -4/181 HPs)
             Began as a Gargoyle Fighter on Sept 11, 2022.
             Was an Elder of Ru.
             Killed from afar by a frost giant (22 damage)
             ... with a bolt of cold
             ... on level 5 of the Vaults on Sept 12, 2022.
             The game lasted 03:31:45 (73597 turns).

Decritt the Slayer (Gargoyle Fighter)              Turns: 73597, Time: 03:31:46

Health: -4/181     AC: 43    Str: 33    XL:     25   Next: 87%
Magic:  0/23       EV: 21    Int:  5    God:    Ru [****..]
Gold:   5129       SH: 21    Dex: 20    Spells: 24/24 levels left

rFire   + . .      SeeInvis +    B - +9 demon trident (elec)
rCold   + . .      Faith    .    L - +4 kite shield {AC+3}
rNeg    + + .      Spirit   +    A - +0 gold dragon scales
rPois   ∞          Reflect  .    (helmet restricted)
rElec   +          Harm     .    E - +1 cloak of the Monkey's Uncle {Drain Str+7}
rCorr   .          Rampage  +    T - +2 pair of gloves of the Evening Star {Rampage Will+ Str+2 Int-4}
Will    ++...                    C - +0 pair of boots
Stlth   ..........               M - amulet "Visud" {Spirit rN+ Str-2 Dex+5}
HPRegen 0.40/turn                k - +4 ring of slaying
MPRegen 0.18/turn                G - +4 ring of evasion

@: corroded, flying
A: sickness immunity, AC +19, big wings, dopey 1, negative energy resistance 1,
electricity resistance, torment resistance 1, petrification resistance, no
stealth, inability to use devices, disrupted magic 1, horns 1, see invisible,
agile 1, no potion heal 1, MP-powered wands
}: 3/15 runes: serpentine, barnacled, slimy
a: Renounce Religion, Draw Out Power, Power Leap


You were on level 5 of the Vaults.
You worshipped Ru.
Ru was greatly pleased with you.
You visited 11 branches of the dungeon, and saw 51 of its levels.
You visited 1 bazaar.
You also visited: Sewer and Bailey.

You collected 8757 gold pieces.
You spent 3628 gold pieces at shops.

Inventory:

Hand Weapons
 g - a +5 demon whip of freezing
 z - a +1 demon whip of flaming
 B - a +9 demon trident of electrocution (weapon)
 D - a +1 eveningstar of electrocution
 K - the +4 bardiche of the Heavens {freeze, rC+ Int+2 Dex+4 Stlth+}
   (You bought it in a shop in a bazaar)

   It freezes those it strikes, dealing additional cold damage.
   It can also slow down cold-blooded creatures.
   Int:       It affects your intelligence (+2).
   Dex:       It affects your dexterity (+4).
   rC:        It protects you from cold.
   Stlth:     It makes you more stealthy.
Missiles
 a - 7 silver javelins
 F - 5 throwing nets (quivered)
Armour
 A - +0 gold dragon scales (worn)
 C - a +0 pair of boots (worn)
 E - the +1 cloak of the Monkey's Uncle (worn) {Drain Str+7}
   (You acquired it on level 4 of the Dungeon)

   Str:       It affects your strength (+7).
   Drain:     It drains your maximum health when unequipped.
 H - a +3 plate armour of willpower
 J - the +1 plate armour of the Alphagorgon {rElec rPois Str-3 Slay+4}
   (You bought it in a shop on level 2 of the Orcish Mines)

   Str:       It affects your strength (-3).
   Slay:      It affects your accuracy & damage with ranged weapons and melee
   (+4).
   rElec:     It insulates you from electricity.
   rPois:     It protects you from poison.
 L - a +4 kite shield of protection (worn)
 O - the +18 Lear's hauberk
   (You found it on level 1 of the Crypt)
 P - the +2 helmet "Falydeit" {Contam rC++ Regen+ Dex+3}
   (You found it on level 3 of the Elven Halls)

   Dex:       It affects your dexterity (+3).
   rC:        It greatly protects you from cold.
   Contam:    It causes magical contamination when unequipped.
   Regen:     It increases your rate of health regeneration.
 T - the +2 pair of gloves of the Evening Star (worn) {Rampage Will+ Str+2 Int-4}
   (You acquired it on level 2 of the Depths)

   Str:       It affects your strength (+2).
   Int:       It affects your intelligence (-4).
   Rampage:   It bestows one free step when moving towards enemies.
   Will:      It increases your willpower.
Jewellery
 b - the ring "Linuskow" {rPois AC+4 Stlth+}
   (You took it off a deep elf annihilator on level 3 of the Elven Halls)

   [ring of protection]

   AC:        It affects your AC (+4).
   rPois:     It protects you from poison.
   Stlth:     It makes you more stealthy.
 j - a ring of resist corrosion
 k - a +4 ring of slaying (left hand)
 p - the amulet "Etell" {Spirit rC+ Str+3 Int-5 Stlth+}
   (You found it on level 14 of the Dungeon)

   [amulet of guardian spirit]

   It causes incoming damage to be divided between your reserves of health and
   magic.
   Str:       It affects your strength (+3).
   Int:       It affects your intelligence (-5).
   rC:        It protects you from cold.
   Stlth:     It makes you more stealthy.
 G - a +4 ring of evasion (right hand)
 M - the amulet "Visud" (around neck) {Spirit rN+ Str-2 Dex+5}
   (You took it off a deep elf pyromancer on level 3 of the Elven Halls)

   [amulet of guardian spirit]

   It causes incoming damage to be divided between your reserves of health and
   magic.
   Str:       It affects your strength (-2).
   Dex:       It affects your dexterity (+5).
   rN:        It protects you from negative energy.
 N - a ring of willpower
 Q - the ring "Yroadani" {rElec SInv}
   (You found it on level 5 of the Pits of Slime)

   [ring of see invisible]

   rElec:     It insulates you from electricity.
   SInv:      It lets you see invisible.
 R - a ring of protection from fire
Scrolls
 e - 7 scrolls of blinking
 h - 2 scrolls of fog
 l - 9 scrolls of fear
 q - 3 scrolls of enchant weapon
 t - a scroll of silence
 u - 4 scrolls of poison
 w - 19 scrolls of teleportation
 x - 13 scrolls of magic mapping
 y - 2 scrolls of torment
Potions
 c - 2 potions of heal wounds
 d - 3 potions of might
 m - 5 potions of haste
 n - 15 potions of curing
 o - 6 potions of cancellation
 s - 7 potions of mutation
 v - 3 potions of ambrosia
 I - 10 potions of attraction
 S - a potion of magic


   Skills:
 + Level 25.1 Fighting
 - Level 3.6 Maces & Flails
 + Level 20.7 Polearms
 - Level 3.0 Throwing
 + Level 22.8 Armour
 + Level 17.3 Dodging
 - Level 21.7 Shields


You had 24 spell levels left.
You didn't know any spells.
Your spell library contained the following spells:

 Spells                   Type           Power      Damage    Failure   Level
 Apportation              Tloc           0%         N/A       99%         1
 Beastly Appendage        Tmut           0%         N/A       99%         1
 Magic Dart               Conj           0%         1d3       99%         1
 Necrotise                Necr           0%         1d4       99%         1
 Sandblast                Erth           0%         2d4       99%         1
 Shock                    Conj/Air       0%         1d3       99%         1
 Sting                    Tmut/Pois      0%         1d3       99%         1
 Summon Small Mammal      Summ           0%         N/A       99%         1
 Blink                    Tloc           0%         N/A       100%        2
 Call Imp                 Summ           0%         N/A       100%        2
 Passwall                 Tmut/Erth      0%         N/A       100%        2
 Poisonous Vapours        Pois/Air       0%         N/A       100%        2
 Scorch                   Fire           0%         2d5       100%        2
 Searing Ray              Conj           0%         2d4       100%        2
 Static Discharge         Conj/Air       0%         3-3/arc   100%        2
 Wereblood                Tmut           0%         N/A       100%        2
 Call Canine Familiar     Summ           0%         N/A       100%        3
 Conjure Flame            Conj/Fire      0%         6-21      100%        3
 Gell's Gravitas          Tloc           0%         N/A       100%        3
 Ignite Poison            Fire/Tmut/Pois 0%         N/A       100%        3
 Lesser Beckoning         Tloc           0%         N/A       100%        3
 Mephitic Cloud           Conj/Pois/Air  0%         N/A       100%        3
 Ozocubu's Armour         Ice            0%         N/A       100%        3
 Portal Projectile        Hex/Tloc       0%         N/A       100%        3
 Spider Form              Tmut/Pois      0%         N/A       100%        3
 Stone Arrow              Conj/Erth      0%         3d7       100%        3
 Summon Guardian Golem    Hex/Summ       0%         N/A       100%        3
 Swiftness                Air            0%         N/A       100%        3
 Teleport Other           Tloc           0%         N/A       100%        3
 Tukima's Dance           Hex            0%         N/A       100%        3
 Vampiric Draining        Necr           0%         2d6       100%        3
 Animate Armour           Summ/Erth      0%         N/A       100%        4
 Corpse Rot               Necr/Pois/Air  0%         N/A       100%        4
 Dispel Undead            Necr           0%         3d6       100%        4
 Flame Wave               Conj/Fire      0%         2d4       100%        4
 Fulminant Prism          Conj/Hex       0%         3d6       100%        4
 Hailstorm                Conj/Ice       0%         3d3       100%        4
 Iskenderun's Mystic Bla  Conj/Tloc      0%         2d3       100%        4
 Leda's Liquefaction      Hex/Erth       0%         N/A       100%        4
 Olgreb's Toxic Radiance  Pois           0%         N/A       100%        4
 Passage of Golubria      Tloc           0%         N/A       100%        4
 Petrify                  Tmut/Erth      0%         N/A       100%        4
 Sticky Flame             Conj/Fire      0%         2d3       100%        4
 Summon Ice Beast         Ice/Summ       0%         N/A       100%        4
 Summon Lightning Spire   Summ/Air       0%         N/A       100%        4
 Alistair's Intoxication  Tmut/Pois      0%         N/A       100%        5
 Blade Hands              Tmut           0%         N/A       100%        5
 Borgnjor's Vile Clutch   Necr/Erth      0%         N/A       100%        5
 Fireball                 Conj/Fire      0%         3d3       100%        5
 Freezing Cloud           Conj/Ice/Air   0%         6-21      100%        5
 Irradiate                Conj/Tmut      0%         3d11      100%        5
 Iskenderun's Battlesphe  Conj           0%         2d6       100%        5
 Lightning Bolt           Conj/Air       0%         1d11      100%        5
 Manifold Assault         Tloc           0%         N/A       100%        5
 Metabolic Englaciation   Hex/Ice        0%         N/A       100%        5
 Silence                  Hex/Air        0%         N/A       100%        5
 Summon Forest            Summ/Tloc      0%         N/A       100%        5
 Conjure Ball Lightning   Conj/Air       0%         3x3d6     100%        6
 Death Channel            Necr           0%         N/A       100%        6
 Dispersal                Tloc           0%         N/A       100%        6
 Eringya's Noxious Bog    Tmut/Pois      0%         N/A       100%        6
 Iron Shot                Conj/Erth      0%         9d1       100%        6
 Simulacrum               Ice/Necr       0%         N/A       100%        6
 Starburst                Conj/Fire      0%         6d3       100%        6
 Summon Cactus Giant      Summ           0%         N/A       100%        6
 Orb of Destruction       Conj           0%         9d5       100%        7
 Ozocubu's Refrigeration  Ice            0%         4d7       100%        7
 Spellforged Servitor     Conj/Summ      0%         N/A       100%        7
 Storm Form               Tmut/Air       0%         N/A       100%        7
 Summon Hydra             Summ           0%         N/A       100%        7
 Ignition                 Fire           0%         3d3       100%        8
 Lehudib's Crystal Spear  Conj/Erth      0%         10d2      100%        8
 Maxwell's Capacitive Co  Air            0%         ∞         100%        8
 Sublimation of Blood     Necr           Unusable   N/A       N/A         2

Dungeon Overview and Level Annotations

Branches:
Dungeon (15/15)            Temple (1/1) D:5            Lair (5/5) D:10
 Shoals (4/4) Lair:2        Snake (4/4) Lair:2        Slime (5/5) Lair:5
    Orc (2/2) D:12            Elf (3/3) Orc:2        Vaults (5/5) D:14
  Crypt (3/3) Vaults:2       Tomb (0/3) Crypt:3      Depths (4/4) D:15
    Zot (0/5) Depths:4      Sewer (visited)          Bailey (visited)

Altars:
Ashenzari
Cheibriados
Dithmenos
Elyvilon
Fedhas
Gozag
Hepliaklqana
Kikubaaqudgha
Makhleb
Nemelex Xobeh
Okawaru
Qazlal
Ru
Sif Muna
Trog
Uskayaw
Vehumet
Wu Jian
Xom
Yredelemnul
Zin
The Shining One
Jiyva

Shops:
D:13 *   Orc:2 [(:[   Shoals:1 ?(   Shoals:4 (   Snake:3 :   Vaults:1 ?
Vaults:4 [

Portals:
Hell: Depths:1 Depths:2 Depths:3 Depths:4
Abyss: Depths:3 Depths:4
Pandemonium: Depths:2
Ziggurat: Depths:1

Annotations:
Vaults:4 Mara


Innate Abilities, Weirdness & Mutations

You are immune to sickness and miasma.
Your stone body is resilient. (AC +19)
You are immune to poison.
Your large and strong wings let you fly.
You are dopey. (Int -2)
You resist negative energy. (rN+)
You are resistant to electric shocks. (rElec)
You are resistant to unholy torment.
You are immune to petrification.
You cannot be stealthy.
You cannot study or use magical devices.
Your casting is slightly disrupted.
You have a pair of small horns on your head.
You have supernaturally acute eyesight. (SInv)
You are agile. (Dex +4, Str/Int -1)
Potions are less effective at restoring your health.
You expend magic power (3 MP) to strengthen your wands.


Message History

The frost giant freezes you.
* * * LOW HITPOINT WARNING * * *
The deep troll bites you but does no damage.
The deep troll claws you but does no damage.
The deep troll barely misses you.
The deep troll bites you but does no damage.
The deep troll claws you but does no damage. x2
The frost giant begins to cast a spell, but is stunned by your conviction!
The fire crab changes into a guardian serpent!
The floating eye's view fixates on you. The frost giant casts a spell at you.
The bolt of cold hits you!! You resist.
* * * LOW HITPOINT WARNING * * *
The deep troll bites you but does no damage.
The deep troll claws you but does no damage.
The deep troll claws you!
* * * LOW HITPOINT WARNING * * *
The guardian serpent changes into a fire crab!
The floating eye changes into a glowing shapeshifter!
The frost giant hits you but does no damage.
The deep troll bites you but does no damage.
The deep troll claws you but does no damage.
The deep troll claws you.
* * * LOW HITPOINT WARNING * * *
The fire crab changes into a blink frog!
The glowing shapeshifter changes into a lindwurm!
The deep troll bites you!
* * * LOW HITPOINT WARNING * * *
The deep troll claws you but does no damage. x2
The frost giant casts a spell at you. The bolt of cold hits you! You resist.
* * * LOW HITPOINT WARNING * * *
You can move again.
Your system partially rejects the healing.
You feel much better.
The blink frog blinks!
You block the deep troll's attack. x2
The deep troll claws you.
* * * LOW HITPOINT WARNING * * *
The frost giant points at you and mumbles some strange words.
The bolt of cold hits you!! You resist.
You die...

#...+#
#..##
#..#
#T.#
#F.#
#..#
#§k#
#TC#
#@.#
#..#
#..#
#..#
#..#
#..#
#..#
#..#
#..#


You could see a frost giant, 2 deep trolls, a lindwurm shaped shifter and a
blink frog shaped shifter.

Vanquished Creatures
  the Royal Jelly (Slime:5)
  2 ancient liches
  2 juggernauts (Depths:3)
  Saint Roka (Orc:2)
  Boris (Vaults:4)
  The ghost of Dublagg the Hoplite, a veteran MiFi of Okawaru (Vaults:2)
  Vashnia (Snake:2)
  Bai Suzhen (Vaults:3)
  The ghost of Arizal the Axe Maniac, a veteran MiBe of Trog (Crypt:3)
  Margery (Vaults:2)
  4 golden dragons
  Nikola (Shoals:3)
  3 bone dragons
  A doom hound (Crypt:1)
  2 Tzitzimimeh
  A shard shrike zombie (Crypt:3)
  Mlioglotl (Snake:2)
  Rupert (Lair:5)
  Zenata (Elf:2)
  A quicksilver dragon (Depths:3)
  A tentacled monstrosity (Vaults:5)
  8 liches
  Asterion (Elf:1)
  A titan (Depths:2)
  A shard shrike skeleton (Crypt:3)
  3 deep elf blademasters (Elf:2)
  A walking earthen tome (Depths:4)
  A deep elf master archer (Elf:2)
  24 acid blobs
  4 sphinxes
  7 ancient champions (Crypt:3)
  2 krakens
  The ghost of Dasi the Gelid, an adept SpEn of Vehumet (Vaults:2)
  The ghost of Ossahoac the Imperceptible, an adept SpEn of Jiyva (Vaults:2)
  4 shadow dragons
  3 storm dragons
  Kirke (Snake:1)
  4 tengu reavers
  Ilsuiw (Shoals:3)
  8 azure jellies
  6 revenants
  8 rockslimes
  7 frost giants
  4 nagarajas (Snake:4)
  6 fire giants
  4 deep elf sorcerers
  13 vault wardens
  4 curse skulls
  Aizul (Snake:2)
  10 ghouls
  An orc warlord (Vaults:2)
  9 quicksilver oozes
  5 deep elf elementalists
  8 caustic shrike skeletons
  A reaper (Crypt:2)
  14 stone giants
  5 war gargoyles
  A draconian annihilator (Depths:4)
  6 ironbound thunderhulks
  20 very ugly things
  15 ironbound preservers
  A juggernaut skeleton (Crypt:3)
  2 vampire knights
  The ghost of Zero the Severer, a journeyman GrBe of Trog (Orc:2)
  2 entropy weavers
  A red draconian (Depths:4)
  10 deep elf demonologists
  4 black draconians (Depths:4)
  2 purple draconians (Depths:4)
  7 deep elf annihilators
  A yellow draconian (Depths:4)
  A white draconian (Depths:4)
  2 spectral hellephants (Crypt:1)
  The ghost of Heedrag the Grappler, a journeyman TrTm of Cheibriados (Lair:3)
  10 dire elephants
  10 deep elf death magi
  4 merfolk javelineers
  9 ettins
  3 crystal guardians
  3 eidola
  9 merfolk impalers
  A quicksilver dragon zombie (Crypt:2)
  7 great orbs of eyes
  Josephine (Lair:5)
  6 ice dragons
  12 jiangshi
  7 yaktaur captains
  9 fire dragons
  13 vault guards
  4 catoblepae
  2 deep elf high priests
  4 rakshasas
  4 peacekeepers
  6 salamander tyrants
  5 boulder beetles
  8 hydras
  10 ironbound frosthearts
  5 merfolk avatars
  A spriggan air mage (Depths:4)
  A merfolk aquamancer (Shoals:3)
  8 anacondas
  4 death knights
  An alligator (Shoals:1)
  8 centaur warriors
  12 naga warriors
  2 satyrs (Shoals:4)
  An alligator snapping turtle (Shoals:1)
  2 two-headed ogres
  28 dancing weapons
  2 tengu warriors
  7 deep troll shamans
  An azure jelly zombie (Crypt:1)
  2 spectral elves (Crypt:1)
  2 deep troll earth magi (Depths:1)
  2 spriggan berserkers (Depths:2)
  4 orc high priests
  9 vampire magi
  8 death yaks
  9 shock serpents
  14 naga sharpshooters
  17 deep elf knights
  A titan zombie (Crypt:3)
  14 hell knights
  3 soul eaters
  2 titan skeletons (Crypt:3)
  4 salamander mystics
  6 iron trolls
  12 sea snakes
  2 shadow wraiths
  2 bunyip zombies
  A storm dragon skeleton (Crypt:3)
  A bog body (Crypt:1)
  52 deep trolls
  3 glowing orange brains
  A glowing orange brain (shapeshifter) (Depths:3)
  7 flayed ghosts
  36 skeletal warriors
  10 wizards
  4 naga ritualists
  2 iron giant skeletons (Crypt:3)
  15 lindwurms
  Pikel (D:8)
  11 phantasmal warriors
  9 deep elf archers
  A bunyip skeleton (Crypt:3)
  35 deep elf pyromancers
  8 mana vipers
  3 orc knights
  14 ironbound convokers
  11 harpies
  6 necromancers
  53 ugly things
  23 deep elf zephyrmancers
  4 orc sorcerers
  A stone giant zombie (Vaults:4)
  A frost giant zombie (Vaults:4)
  4 wolf spiders
  A cyclops (shapeshifter) (Depths:3)
  5 manticores
  24 salamanders
  21 elephants
  9 cyclopes
  2 shining eyes (Slime:5)
  5 fauns
  14 naga magi
  19 vault sentinels
  12 merfolk sirens
  Maurice (D:8)
  Joseph (D:8)
  A black mamba (shapeshifter) (D:15)
  A guardian serpent (shapeshifter) (Elf:1)
  An elephant (shapeshifter) (Elf:3)
  4 guardian serpents
  22 black mambas
  6 torpor snails
  5 eyes of devastation
  3 centaur skeletons
  4 water nymphs (Shoals:4)
  7 cane toads
  2 gargoyles
  A shock serpent skeleton (Crypt:1)
  44 yaktaurs
  2 unseen horrors
  A naga skeleton (Crypt:3)
  2 tormentors
  5 komodo dragons
  A yaktaur skeleton (Vaults:4)
  An efreet (D:14)
  4 freezing wraiths
  A rime drake (Lair:5)
  An orb spider zombie (Crypt:3)
  7 tengu conjurers
  3 alligator snapping turtle skeletons
  An anaconda simulacrum (Crypt:1)
  A death yak skeleton (Crypt:3)
  23 merfolk
  8 trolls
  10 polar bears (Lair:5)
  A queen bee (shapeshifter) (Elf:1)
  3 tyrant leeches (Lair:5)
  8 wind drakes
  2 harpy skeletons (Crypt:3)
  9 hornets (Lair:5)
  A raiju (shapeshifter) (D:13)
  A spectral dream sheep (Lair:3)
  85 slime creatures
  13 blink frogs
  A satyr zombie (Crypt:1)
  12 dream sheep
  The ghost of flestrin the Trooper, an amateur OgGl (D:4)
  A jumping spider (shapeshifter) (Vaults:2)
  2 centaur simulacra
  3 flying skulls (Crypt:1)
  A culicivora (shapeshifter) (Elf:1)
  A vampire (D:12)
  13 water elementals
  A shadow (D:12)
  12 wraiths
  6 wyverns
  A black mamba skeleton (Crypt:3)
  3 air elementals (Elf:3)
  33 yaks
  4 hogs (Snake:1)
  4 basilisks
  A yak (shapeshifter) (D:14)
  6 golden eyes (Slime:1)
  4 fire elementals
  A golden eye (shapeshifter) (Elf:1)
  A spectral komodo dragon (Lair:3)
  4 steam dragons
  5 vampire mosquitoes
  A warg (shapeshifter) (Elf:1)
  32 nagas
  10 wargs
  11 water moccasins
  An acid dragon (D:14)
  14 hell hounds (Lair:5)
  A two-headed ogre skeleton (Crypt:1)
  37 orc warriors
  15 black bears
  3 sky beasts
  A black mamba simulacrum (Lair:3)
  6 boggarts
  4 ogres
  26 wolves
  13 centaurs
  A swamp dragon skeleton (Crypt:3)
  A lindwurm skeleton (Crypt:2)
  2 human zombies (Vaults:4)
  A phantom (D:6)
  A kobold brigand (D:6)
  8 bullfrogs
  A komodo dragon zombie (Crypt:1)
  7 necrophages
  5 earth elementals (Elf:1)
  A komodo dragon skeleton (Crypt:3)
  A gnoll sergeant (D:6)
  A salamander skeleton (Crypt:2)
  2 cane toad simulacra (Lair:3)
  A scorpion (D:5)
  A scorpion (shapeshifter) (Vaults:2)
  A naga simulacrum (Crypt:1)
  45 wights
  A troll zombie (Crypt:1)
  3 killer bees (D:10)
  9 spriggan skeletons
  A troll skeleton (D:10)
  5 electric eels
  5 howler monkeys
  A komodo dragon simulacrum (Lair:3)
  2 bullfrog zombies (D:4)
  The ghost of Destapler the Sneak, a weakling VSBr (D:3)
  26 orc priests
  10 hounds
  2 gnoll boudas (D:6)
  6 jellies
  Jessica (D:2)
  6 iguanas
  38 orc wizards
  An ogre skeleton (Crypt:3)
  A hound zombie (Crypt:3)
  A howler monkey zombie (Crypt:3)
  A howler monkey skeleton (Crypt:2)
  28 gnolls
  10 adders
  2 ufetubi
  An iguana skeleton (Crypt:3)
  An iguana zombie (Crypt:2)
  9 worms
  4 dart slugs
  116 orcs
  12 ball pythons
  5 endoplasms
  4 giant cockroaches
  10 goblins
  6 hobgoblins
  2 jackals (D:3)
  7 quokkas
  A ball python skeleton (Crypt:1)
  12 bats
  2 frilled lizards
  A frilled lizard skeleton (Crypt:2)
  A gnoll skeleton (Crypt:1)
  7 kobolds
  2 orc zombies
  8 rats
  5 tentacles (Shoals:4)
2110 creatures vanquished.

Vanquished Creatures (collateral kills)
  3 vault guards (Vaults:5)
  An ugly thing (Vaults:2)
4 creatures vanquished.

Vanquished Creatures (others)
  A deep elf master archer (Elf:2)
  Polyphemus (Shoals:3)
  A rockslime (Slime:5)
  A tengu reaver (Vaults:3)
  An orc warlord (Orc:1)
  A ghoul (Crypt:1)
  A quicksilver ooze (Slime:5)
  An ironbound preserver (Vaults:5)
  A stone giant (Depths:3)
  A dire elephant (Vaults:1)
  A deep elf death mage (Elf:1)
  A jiangshi (Crypt:3)
  A naga warrior (Snake:1)
  A deep troll earth mage (D:14)
  A dancing weapon (Elf:1)
  A skeletal warrior (Crypt:3)
  A deep elf archer (Elf:1)
  A deep elf zephyrmancer (Elf:1)
  A lindwurm (Vaults:2)
  2 harpies (Shoals:4)
  A phantasmal warrior (Crypt:2)
  A wizard (Depths:2)
  4 deep elf pyromancers
  A manticore (Shoals:3)
  A salamander (Snake:4)
  A black mamba (Snake:1)
  A centaur skeleton (D:15)
  2 yaktaurs (Vaults:2)
  A centaur simulacrum (D:15)
  A water elemental (Elf:1)
  An ettin skeleton (Crypt:2)
  An air elemental (Elf:1)
  A human (Snake:1)
  A naga (Snake:3)
  A hell hound (Lair:5)
  An orc warrior (Elf:2)
  A black bear (Lair:2)
  4 orcs
  21 fungi
  128 plants
  14 tentacles
209 creatures vanquished.

Grand Total: 2323 creatures vanquished

Notes
Turn   | Place    | Note
-------+----------+-------------------------------------------
     0 | D:1      | Decritt the Gargoyle Fighter began the quest for the Orb.
     0 | D:1      | Reached XP level 1. HP: 14/14 MP: 1/1
   106 | D:1      | Reached XP level 2. HP: 4/19 MP: 2/2
  1059 | D:2      | Noticed Jessica
  1067 | D:2      | Killed Jessica
  1068 | D:2      | Reached skill level 4 in Fighting
  1068 | D:2      | Reached XP level 3. HP: 11/24 MP: 3/3
  1339 | D:2      | Reached XP level 4. HP: 30/30 MP: 4/4
  1774 | D:2      | Found an opulent altar of Gozag.
  2145 | D:3      | Reached XP level 5. HP: 31/34 MP: 5/5
  2168 | D:3      | Found a runed translucent door.
  2168 | D:3      | Noticed Destapler's ghost (weakling VSBr)
  2194 | D:3      | Killed Destapler's ghost
  2195 | D:3      | Reached skill level 5 in Fighting
  2417 | D:3      | Found a glowing drain.
  2465 | Sewer    | Entered a sewer
  2843 | Sewer    | Noticed a water moccasin
  2874 | Sewer    | Killed a water moccasin
  2875 | Sewer    | Reached XP level 6. HP: 35/41 MP: 6/6
  3056 | D:3      | Reached skill level 6 in Fighting
  3410 | D:4      | Found a runed translucent door.
  3411 | D:4      | Noticed flestrin's ghost (amateur OgGl)
  3414 | D:4      | Identified a scroll of acquirement
  3414 | D:4      | Acquired a +3 demon trident of electrocution
  3784 | D:4      | Noticed a black bear
  3789 | D:4      | Killed a black bear
  3790 | D:4      | Reached skill level 1 in Polearms
  3790 | D:4      | Reached skill level 5 in Armour
  3790 | D:4      | Reached XP level 7. HP: 46/46 MP: 7/7
  4013 | D:4      | Acquired the +1 cloak of the Monkey's Uncle {Drain Str+7}
  4138 | D:4      | Found a basalt altar of Yredelemnul.
  4341 | D:4      | Killed flestrin's ghost
  4368 | D:5      | Entered Level 5 of the Dungeon
  4450 | D:5      | Reached XP level 8. HP: 52/52 MP: 8/8
  4594 | D:5      | Found a staircase to the Ecumenical Temple.
  4605 | Temple   | Entered the Ecumenical Temple
  4614 | Temple   | Became a worshipper of Ru the Awakened
  4683 | D:5      | Reached skill level 7 in Fighting
  4703 | D:5      | Found a large runed translucent door.
  4704 | D:5      | Found a large runed translucent door.
  4893 | D:5      | Found a bloodstained altar of Trog.
  5085 | D:5      | Found a shimmering blue altar of Sif Muna.
  5088 | D:5      | Found a glowing golden altar of the Shining One.
  5190 | D:6      | Reached skill level 5 in Polearms
  5310 | D:6      | Reached XP level 9. HP: 48/59 MP: 9/9
  5403 | D:6      | Reached skill level 8 in Fighting
  6216 | D:7      | Found an opulent altar of Gozag.
  6350 | D:7      | Noticed a gargoyle
  6360 | D:7      | Killed a gargoyle
  6394 | D:7      | Reached skill level 9 in Fighting
  6396 | D:7      | Reached XP level 10. HP: 62/66 MP: 10/10
  6415 | D:7      | Reached skill level 1 in Dodging
  7014 | D:8      | Noticed Maurice
  7021 | D:8      | Paralysed by Maurice for 4 turns
  7028 | D:8      | Killed Maurice
  7123 | D:8      | Noticed Pikel
  7127 | D:8      | Killed Pikel
  7131 | D:8      | Noticed Joseph
  7147 | D:8      | Killed Joseph
  7341 | D:8      | Found a blossoming altar of Fedhas.
  7580 | D:8      | Found a snail-covered altar of Cheibriados.
  7583 | D:8      | Found a shimmering altar of Xom.
  7667 | D:9      | Noticed a two-headed ogre
  7672 | D:9      | Killed a two-headed ogre
  7673 | D:9      | Reached skill level 10 in Fighting
  8026 | D:9      | Reached XP level 11. HP: 72/72 MP: 11/11
  8652 | D:10     | Entered Level 10 of the Dungeon
  8737 | D:10     | Found a flagged portal.
  8750 | Bailey   | Entered a bailey
  8871 | Bailey   | Noticed an orc knight
  8879 | Bailey   | Reached skill level 10 in Armour
  8887 | Bailey   | Killed an orc knight
  9286 | D:10     | Found a staircase to the Lair.
 10311 | Lair:1   | Entered Level 1 of the Lair of Beasts
 10401 | Lair:1   | Noticed a four-headed hydra
 10408 | Lair:1   | Killed a four-headed hydra
 10409 | Lair:1   | Reached skill level 11 in Fighting
 10651 | Lair:1   | Reached skill level 5 in Dodging
 10960 | Lair:1   | Gained mutation: You cannot study or use magical devices.
                  | [Ru sacrifice]
 10960 | Lair:1   | Reached * piety under Ru
 10960 | Lair:1   | Reached ** piety under Ru
 10992 | Lair:1   | Reached skill level 14 in Fighting
 10992 | Lair:1   | Reached XP level 12. HP: 85/85 MP: 12/12
 11245 | Lair:2   | Found a transporter.
 11270 | Lair:2   | Found a staircase to the Snake Pit.
 11310 | Lair:2   | Reached skill level 1 in Throwing
 11321 | Lair:2   | Reached XP level 13. HP: 91/91 MP: 13/13
 11630 | Lair:2   | Found a staircase to the Shoals.
 11984 | Lair:2   | Reached skill level 10 in Polearms
 12191 | Lair:2   | Found a transporter.
 12625 | Lair:3   | Reached skill level 5 in Shields
 13287 | Lair:3   | Reached skill level 15 in Fighting
 13395 | Lair:3   | Found a runed translucent gate.
 13395 | Lair:3   | Found a runed translucent gate.
 13395 | Lair:3   | Found a runed translucent gate.
 13627 | Lair:3   | Noticed Heedrag's ghost (journeyman TrTm)
 13651 | Lair:3   | Killed Heedrag's ghost
 13652 | Lair:3   | Gained mutation: Your large and strong wings let you fly.
                  | [Gargoyle growth]
 13652 | Lair:3   | Reached XP level 14. HP: 39/98 MP: 14/14
 13655 | Lair:3   | HP: 4/98 [cane toad simulacrum (20)]
 13937 | Lair:3   | Got Noirreat's Spellbook of the Damaging Squall
 14564 | Lair:4   | Identified the +1 robe of Cisimox {Drain rElec rCorr SInv}
 14714 | Lair:5   | Entered Level 5 of the Lair of Beasts
 14719 | Lair:5   | Noticed Josephine
 14742 | Lair:5   | Killed Josephine
 15083 | Lair:5   | Found a viscous altar of Jiyva.
 15084 | Lair:5   | Found a staircase to the Slime Pits.
 15109 | Lair:5   | Found a shimmering altar of Xom.
 15274 | Lair:5   | Noticed Rupert
 15293 | Lair:5   | Killed Rupert
 15867 | Lair:5   | Noticed a dire elephant
 15891 | Lair:5   | Killed a dire elephant
 16002 | Lair:5   | Reached skill level 16 in Fighting
 16346 | Lair:5   | Reached skill level 15 in Armour
 16584 | Lair:5   | Reached XP level 15. HP: 101/104 MP: 15/15
 17118 | Lair:5   | Found a runed translucent door.
 18201 | D:11     | Gained mutation: You cannot be stealthy. [Ru sacrifice]
 18201 | D:11     | Reached *** piety under Ru
 18290 | D:11     | Found a radiant altar of Vehumet.
 18736 | D:12     | Found a staircase to the Orcish Mines.
 19970 | Orc:1    | Entered Level 1 of the Orcish Mines
 20100 | Orc:1    | Paralysed by an orc sorcerer for 5 turns
 21043 | Orc:2    | Entered Level 2 of the Orcish Mines
 21043 | Orc:2    | Found a staircase to the Elven Halls.
 21068 | Orc:2    | Gained mutation: Your casting is slightly disrupted. [Ru
                  | sacrifice]
 21606 | Orc:2    | Found a runed translucent door.
 21607 | Orc:2    | Found a shimmering altar of Xom.
 21607 | Orc:2    | Noticed Zero's ghost (journeyman GrBe)
 21877 | Orc:2    | Found Tuuntar's Armour Boutique.
 22006 | Orc:2    | Noticed Saint Roka
 22846 | Orc:2    | Noticed an orc warlord
 23216 | Orc:1    | Killed an orc warlord
 24617 | Orc:2    | Killed Saint Roka
 24889 | Orc:2    | Found Gesheafa's Antique Weapon Shoppe.
 24910 | Orc:2    | Found Jeas's Antique Armour Emporium.
 24965 | Orc:2    | Found Hess's Book Shop.
 25250 | Orc:2    | Killed Zero's ghost
 25552 | Orc:2    | Bought a brightly glowing plate armour for 644 gold pieces
 25552 | Orc:2    | Identified the +1 plate armour of the Alphagorgon {rElec
                  | rPois Str-3 Slay+4} (You bought it in a shop on level 2 of
                  | the Orcish Mines)
 25552 | Orc:2    | Bought a kite shield for 103 gold pieces
 25667 | Snake:1  | Entered Level 1 of the Snake Pit
 26087 | Snake:1  | Gained mutation: You are dopey. (Int -2) [Ru sacrifice]
 26087 | Snake:1  | Reached **** piety under Ru
 26119 | Snake:1  | Reached XP level 16. HP: 82/112 MP: 11/16
 26260 | Snake:1  | Noticed Kirke
 26270 | Snake:1  | Noticed a sphinx
 26288 | Snake:1  | Killed Kirke
 26687 | Snake:1  | Reached skill level 17 in Fighting
 27216 | Snake:2  | Noticed Mlioglotl
 27229 | Snake:2  | Killed Mlioglotl
 27483 | Snake:2  | Noticed Aizul
 27528 | Snake:2  | Killed Aizul
 27852 | Snake:2  | Noticed Vashnia
 28425 | Snake:2  | Killed Vashnia
 29628 | Snake:3  | HP: 5/112 [salamander mystic/+0 scimitar (16)]
 30002 | Snake:3  | Found Lawiloax's Book Boutique.
 30317 | Snake:3  | Reached skill level 10 in Dodging
 30985 | Snake:3  | Reached XP level 17. HP: 95/119 MP: 11/17
 31399 | Snake:4  | Entered Level 4 of the Snake Pit
 33096 | Snake:4  | Reached skill level 18 in Fighting
 34988 | Snake:4  | Got a serpentine rune of Zot
 35115 | Shoals:1 | Entered Level 1 of the Shoals
 35245 | Shoals:1 | Found Fybese's Magic Scroll Shoppe.
 35266 | Shoals:1 | Bought a scroll of fear for 68 gold pieces
 35266 | Shoals:1 | Bought a scroll of blinking for 127 gold pieces
 35266 | Shoals:1 | Bought a scroll of acquirement for 884 gold pieces
 35266 | Shoals:1 | Bought a scroll of fear for 68 gold pieces
 35266 | Shoals:1 | Acquired a manual of Shields
 35342 | Shoals:1 | Found Geygoes's Weapon Shoppe.
 36133 | Shoals:2 | Found Qawkiret's Jewellery Boutique.
 37087 | Shoals:3 | Noticed Nikola
 37089 | Shoals:3 | Noticed Ilsuiw
 37133 | Shoals:3 | Reached XP level 18. HP: 25/126 MP: 18/18
 37228 | Shoals:3 | Reached skill level 10 in Shields
 37566 | Shoals:3 | Noticed Polyphemus
 37612 | Shoals:3 | Killed Polyphemus
 37912 | Shoals:3 | Killed Ilsuiw
 38015 | Shoals:3 | Killed Nikola
 38523 | Shoals:3 | Reached skill level 19 in Fighting
 38898 | Shoals:4 | Entered Level 4 of the Shoals
 39058 | Shoals:4 | Reached skill level 15 in Polearms
 40321 | Shoals:4 | Got the Incunable of the Septic Flock
 40418 | Shoals:4 | Found Palelah's Antique Weapon Shoppe.
 40854 | Shoals:4 | Got a barnacled rune of Zot
 41825 | D:13     | Found Sejof's Blood Bar.
 42318 | D:14     | Got the Vellum of Stony Bolts
 42493 | D:14     | Found a gate to the Vaults.
 42709 | D:14     | Identified the amulet "Etell" {Spirit rC+ Str+3 Int-5
                  | Stlth+}
 42834 | D:14     | Identified the ring of Light {rElec rF- rC+ Int+6 Stlth+}
 42943 | D:15     | Entered Level 15 of the Dungeon
 43400 | D:15     | Reached XP level 19. HP: 134/134 MP: 19/19
 44170 | D:15     | Found a staircase to the Depths.
 44202 | D:15     | Acquired a manual of Shields
 44335 | Elf:1    | Entered Level 1 of the Elven Halls
 44441 | Elf:1    | Reached skill level 20 in Fighting
 44473 | Elf:1    | Noticed Asterion
 44493 | Elf:1    | Killed Asterion
 44960 | Elf:1    | Paralysed by an air elemental for 1 turns
 44965 | Elf:1    | Paralysed by an air elemental for 1 turns
 45571 | Elf:1    | Got the Secrets of the Traveller and the Nimbus
 46778 | Elf:2    | Found a runed translucent gate.
 46778 | Elf:2    | Found a runed translucent gate.
 46784 | Elf:2    | Found a runed translucent gate.
 47673 | Elf:2    | Noticed Zenata
 48112 | Elf:2    | Killed Zenata
 48319 | Elf:2    | Reached skill level 15 in Shields
 48918 | Elf:2    | Reached XP level 20. HP: 114/142 MP: 18/20
 49288 | Elf:3    | Entered Level 3 of the Elven Halls
 49304 | Elf:3    | Paralysed by an air elemental for 1 turns
 49331 | Elf:3    | Found a flickering gateway to a bazaar.
 49345 | Bazaar   | Entered a bazaar
 49346 | Bazaar   | Found Ruosiv's Jewellery Emporium.
 49351 | Bazaar   | Found Peaqik's Weapon Emporium.
 49357 | Bazaar   | Found Hiot's Jewellery Shoppe.
 49365 | Bazaar   | Found Ipleut's Antique Weapon Shoppe.
 49379 | Bazaar   | Found Bujuwny's Weapon Shoppe.
 49428 | Bazaar   | Bought the +4 bardiche of the Heavens {freeze, rC+ Int+2
                  | Dex+4 Stlth+} for 590 gold pieces
 49722 | Elf:3    | Noticed a Brimstone Fiend
 51157 | Elf:3    | Identified the +5 scimitar of the Evening {freeze, rN+
                  | Dex+7}
 51162 | Elf:3    | Gained mutation: Potions are less effective at restoring
                  | your health. [a neqoxec]
 51884 | Elf:3    | Noticed a Brimstone Fiend
 51887 | Elf:2    | Noticed a Brimstone Fiend
 52739 | Elf:3    | Identified the +10 short sword "Antell" {drain, rPois Str+3
                  | Dex+4}
 52739 | Elf:3    | Identified the amulet "Visud" {Spirit rN+ Str-2 Dex+5}
 52757 | Elf:2    | Noticed a Brimstone Fiend
 52759 | Elf:2    | Reached skill level 21 in Fighting
 52769 | Elf:3    | Noticed a Brimstone Fiend
 52859 | Elf:3    | Gained mutation: Your body sometimes deteriorates upon
                  | taking damage. [a cacodemon]
 53055 | Elf:3    | Got Sif Muna's Octavo of Metallic Displacement
 53080 | Elf:3    | Identified the +2 helmet "Falydeit" {Contam rC++ Regen+
                  | Dex+3}
 53094 | Elf:3    | Found the +10 Black Knight's barding {ponderous, rPois rN+}
 53098 | Elf:3    | Identified the +1 buckler of Mental Paralysis {Str+4}
 53100 | Elf:3    | Identified the +4 sling of Hiugooch {venom, +Blink Will-
                  | Stlth+}
 53103 | Elf:3    | Got Sif Muna's Tome of the Mausoleum and Conjuring
 53744 | Elf:3    | Identified the ring "Linuskow" {rPois AC+4 Stlth+}
 54142 | Vaults:1 | Entered Level 1 of the Vaults
 54685 | Vaults:1 | Found Puset's Magic Scroll Boutique.
 54699 | Vaults:1 | Bought a scroll of acquirement for 624 gold pieces
 54699 | Vaults:1 | Bought a scroll of enchant armour for 90 gold pieces
 54699 | Vaults:1 | Acquired 454 gold pieces
 55635 | Vaults:2 | Reached XP level 21. HP: 149/149 MP: 21/21
 55771 | Vaults:2 | Noticed Margery
 55781 | Vaults:2 | Killed Margery
 56202 | Vaults:2 | Found a transporter.
 56224 | Vaults:2 | Noticed Dublagg's ghost (veteran MiFi)
 56228 | Vaults:2 | Noticed a golden dragon
 56238 | Vaults:2 | Noticed Ossahoac's ghost (adept SpEn)
 56248 | Vaults:2 | Found a transporter.
 56260 | Vaults:2 | Noticed Dasi's ghost (adept SpEn)
 56776 | Vaults:2 | Found a staircase to the Crypt.
 56776 | Vaults:2 | Found an ancient bone altar of Kikubaaqudgha.
 56776 | Vaults:2 | Found a basalt altar of Yredelemnul.
 57142 | Vaults:2 | Killed Dasi's ghost
 57181 | Vaults:2 | Killed Ossahoac's ghost
 57203 | Vaults:2 | Killed a golden dragon
 57233 | Vaults:2 | Killed Dublagg's ghost
 57659 | Vaults:3 | Reached skill level 22 in Fighting
 57772 | Vaults:3 | Noticed Bai Suzhen
 57788 | Vaults:3 | Killed Bai Suzhen
 58287 | Vaults:3 | Reached XP level 22. HP: 149/156 MP: 20/22
 58453 | Vaults:3 | Got the Directory of Putrid Heat
 59068 | Vaults:4 | Found Kidwu's Armour Emporium.
 59076 | Vaults:4 | Bought a +2 pair of gloves of infusion for 430 gold pieces
 60118 | Vaults:4 | Identified the +1 mace of the Sun {antimagic, Int+2}
 60118 | Vaults:4 | Noticed Boris
 60164 | Vaults:4 | Killed Boris
 60166 | Vaults:4 | Noticed Mara
 61125 | Depths:1 | Entered Level 1 of the Depths
 61190 | Depths:1 | Found a one-way gateway to a ziggurat.
 61559 | Depths:1 | Found a gateway to Hell.
 61893 | Depths:1 | Reached skill level 15 in Dodging
 62219 | Depths:2 | Acquired the +2 pair of gloves of the Evening Star {Rampage
                  | Will+ Str+2 Int-4}
 62320 | Depths:2 | Reached XP level 23. HP: 164/164 MP: 23/23
 62628 | Depths:2 | Found a one-way gate leading to the halls of Pandemonium.
 63516 | Depths:3 | Reached skill level 23 in Fighting
 63527 | Depths:3 | Found a one-way gate to the infinite horrors of the Abyss.
 63898 | Depths:3 | Noticed a juggernaut
 63905 | Depths:3 | Killed a juggernaut
 63926 | Depths:3 | Noticed a juggernaut
 63927 | Depths:3 | Noticed an ancient lich
 63930 | Depths:3 | Noticed a golden dragon
 63936 | Depths:3 | Killed an ancient lich
 63947 | Depths:3 | Killed a golden dragon
 63952 | Depths:3 | Killed a juggernaut
 64372 | Depths:3 | Noticed a golden dragon
 64378 | Depths:3 | Killed a golden dragon
 64446 | Depths:3 | Noticed a golden dragon
 64458 | Depths:3 | Killed a golden dragon
 64872 | Depths:4 | Entered Level 4 of the Depths
 65132 | Depths:4 | Reached XP level 24. HP: 172/172 MP: 23/23
 65437 | Depths:4 | Found a gate to the Realm of Zot.
 65653 | Depths:4 | Found a glowing silver altar of Zin.
 65900 | Crypt:1  | Entered Level 1 of the Crypt
 65952 | Crypt:1  | Found the +18 Lear's hauberk
 66913 | Crypt:1  | Identified the +1 robe of Lecreot {rPois rC+ Str+3}
 66913 | Crypt:1  | Identified the +5 longbow of Anevarem {speed, rElec Str+4
                  | Int-5}
 67324 | Crypt:2  | Identified the +9 quarterstaff of Bankruptcy {speed, rElec
                  | rPois Stlth-}
 67766 | Crypt:2  | Reached skill level 24 in Fighting
 67953 | Crypt:3  | Entered Level 3 of the Crypt
 68149 | Crypt:3  | Identified the +9 rapier "Emenutz" {elec, rElec Stlth+}
 68329 | Crypt:3  | Noticed an ancient lich
 68340 | Crypt:3  | Killed an ancient lich
 68515 | Crypt:3  | Found the +6 Majin-Bo {vamp, MP+6 Int+6}
 68557 | Crypt:3  | Found the +5 lochaber axe {reach-cleave, poleaxe}
 68768 | Crypt:3  | Reached XP level 25. HP: 180/180 MP: 23/23
 68987 | Crypt:3  | Noticed Arizal's ghost (veteran MiBe)
 69205 | Crypt:3  | Found a runed translucent gate.
 69205 | Crypt:3  | Found a runed translucent gate.
 69206 | Crypt:3  | Found a runed translucent gate.
 69393 | Crypt:3  | Found a staircase to the Tomb.
 69613 | Crypt:3  | Killed Arizal's ghost
 70093 | Slime:1  | Entered Level 1 of the Pits of Slime
 70785 | Slime:4  | Found a viscous altar of Jiyva.
 70907 | Slime:5  | Entered Level 5 of the Pits of Slime
 70984 | Slime:5  | Found a viscous altar of Jiyva.
 70984 | Slime:5  | Noticed the Royal Jelly
 71023 | Slime:5  | Killed the Royal Jelly
 71830 | Slime:5  | Gained mutation: You occasionally lose the ability to read
                  | scrolls when taking damage. [a shining eye]
 72653 | Slime:5  | Gained mutation: You have a somewhat thin skeletal
                  | structure. (Dex +2, Stealth+) [a shining eye]
 72685 | Slime:5  | Lost mutation: You occasionally lose the ability to read
                  | scrolls when taking damage. [potion of mutation]
 72685 | Slime:5  | Lost mutation: You have a somewhat thin skeletal structure.
                  | (Dex +2, Stealth+) [potion of mutation]
 72685 | Slime:5  | Lost mutation: Your body sometimes deteriorates upon taking
                  | damage. [potion of mutation]
 72685 | Slime:5  | Gained mutation: You have a pair of small horns on your
                  | head. [potion of mutation]
 72685 | Slime:5  | Gained mutation: You expend magic power (3 MP) to
                  | strengthen your wands. [potion of mutation]
 72685 | Slime:5  | Gained mutation: You have supernaturally acute eyesight.
                  | (SInv) [potion of mutation]
 72685 | Slime:5  | Gained mutation: You are agile. (Dex +4, Str/Int -1)
                  | [mutagenic glow]
 72733 | Slime:5  | Identified the ring "Yroadani" {rElec SInv}
 72736 | Slime:5  | Got a slimy rune of Zot
 72749 | Slime:5  | Identified the +1 ring mail of the Pit {+Blink rN+ Int+2}
 72783 | Slime:5  | Identified the +1 plate armour of Ukkog {rF+ MP+9 Dex-4}
 72877 | Slime:5  | Reached skill level 25 in Fighting
 73477 | Vaults:5 | Entered Level 5 of the Vaults
 73592 | Vaults:5 | Paralysed by a floating eye for 4 turns
 73597 | Vaults:5 | Killed from afar by a frost giant

Illustrated notes

Levels and vault maps discovered:
D:1:      dpeg_arrival_rooms_a, layout_rooms, nrook_mini_vaults,
          minmay_tetromino_l2
D:2:      layout_loops_ring, basic_altar, uniq_jessica
D:3:      layout_rooms, portal_sewer_entry_b, ebering_ghost_inner_flame
D:4:      layout_basic, lemuel_zombie_altar_yredelemnul,
          hellmonk_ghost_happy_afterlife
D:5:      layout_rooms, trog_antimagical, jmf_multi_god_temple2,
          minmay_temple_entry_grid, nicolae_wormholes
D:6:      layout_rooms, grunt_ministairs_5
D:7:      layout_basic, grunt_gozag_breadcrumbs, minmay_tree_intersection
D:8:      layout_basic, fedhas_altar_4, minitemple, uniq_pikel, uniq_maurice,
          uniq_joseph
D:9:      layout_roguey, serial_curves, eino_curves_02, eino_curves_04,
          eino_curves_03, eino_curves_01
D:10:     wander_river, layout_basic, erik_lair_island, enter_bailey_3,
          minmay_misc_feat_iff, nicolae_two_hexagons, minivault_11,
          hangedman_tell_no_tales
D:11:     layout_roguey, fiery_altar_vehumet
D:12:     layout_cave_pods, minmay_orc_entry_temple_small, minivault_16
D:13:     layout_cave_pools, guppyfry_shop_blood
D:14:     nicolae_hexawheel, layout_long_grid, minmay_misc_feat_pillars
D:15:     grunt_enter_depths_magical_seal, layout_basic, minmay_strange_pillars,
          nicolae_figureground_sparkle
Temple:   nicolae_temple_ecumenical_triangle
Lair:1:   layout_cave_pods
Lair:2:   gammafunk_worm_tunnel, layout_cave_pods, minmay_shoals_entry_beasts,
          minmay_snake_entry_guardpost_small, nicolae_lair_run_with_the_wolves
Lair:3:   layout_regular_city, gammafunk_ghost_necromancy,
          hangedman_lair_generics_rect, lemuel_fruit_tree, grunt_megastairs_2
Lair:4:   layout_misc_corridors, beast_lair_carwin_4, grunt_megastairs_1
Lair:5:   hangedman_lair_caniforms_friends, layout_layer_cave, wormcave,
          minmay_slime_entry_pillars, basic_altar, serial_bayou_shore_b,
          uniq_rupert, uniq_josephine
Shoals:1: layout_shoals, serial_shops, shop_scrolls,
          nicolae_shop_bloodbath_and_beyond,
          nicolae_shoals_siren_and_animal_friends
Shoals:2: layout_shoals, serial_shops, shop
Shoals:3: layout_shoals, uniq_ilsuiw, uniq_nikola, uniq_polyphemus
Shoals:4: shoals_end_hangedman, layout_shoals, shoal_ilsuiw, serial_shops,
          nicolae_shop_overgrown_old_shop
Snake:1:  layout_layer_cave, serial_bayou_lagoon_a, st_stairs_6, uniq_kirke
Snake:2:  layout_rooms, serial_bayou_shore_a, grunt_megastairs_5,
          uniq_mlioglotl, uniq_vashnia, uniq_aizul
Snake:3:  layout_layer_cave, serial_shops, nicolae_diamond_shop,
          nicolae_snake_gridmaze_tees
Snake:4:  grunt_snake_rune_pools, layout_cave_shapes
Slime:1:  layout_caves
Slime:2:  cheibrodos_slime_lost_civilization_10, layout_caves
Slime:3:  layout_caves
Slime:4:  layout_caves, basic_altar
Slime:5
Orc:1:    layout_caves
Orc:2:    grunt_orc_community_town_hall, layout_caves,
          grunt_orc_community_big_house_1, grunt_orc_community_big_house_2,
          grunt_orc_community_house_3, grunt_orc_community_house_3,
          grunt_orc_community_house_3, grunt_orc_community_house_2,
          grunt_orc_community_house_2, grunt_orc_community_house_2, basic_altar,
          ebering_ghost_xom, uniq_saint_roka
Elf:1:    eino_elf_arrival_customs, layout_loops_cross, evilmike_minifort,
          nicolae_elf_shapeshifter_party, uniq_asterion
Elf:2:    elven_hall_of_blades_hangedman_original [mumra_blade_entry_dagger],
          layout_loops_corners, uniq_zenata
Elf:3:    grunt_elf_hall_spiral, layout_gridlike, serial_shops, bzr_in_the_mist,
          minivault_5, grunt_ministairs_15
Vaults:1: vaults_dpeg_diagonal, v_alt_pattern_3,
          nicolae_vaults_yaktaur_gun_rack, vaults_room_fours, v_misc_15,
          v_alt_pattern_4, v_misc_31, ontoclasm_vaults_ring_small,
          vaults_room_semicircle, layout_vaults_omnicross, serial_shops,
          nicolae_lakefront_shop
Vaults:2: nzn_ghost_randoct, minmay_crypt_entry_necro_gods, st_quartered_hall,
          grunt_vaults_bifocal, ontoclasm_vaults_spin, v_misc_30,
          ontoclasm_vaults_twist, nicolae_vaults_little_squares_6,
          ontoclasm_vaults_hangar, hangedman_vaults_corner_blocks,
          layout_vaults_chaotic_city, uniq_margery
Vaults:3: v_alt_pattern_3, ontoclasm_vaults_loading_screen, v_misc_23,
          st_spiral_rooms, hangedman_vaults_corner, vaults_room_semicircle,
          hangedman_vaults_restitches, nicolae_vaults_network_s,
          hangedman_vaults_hat, ontoclasm_vaults_eye, grunt_vaults_focal,
          v_alt_pattern_5, ontoclasm_vaults_hangar, ontoclasm_vaults_pinch,
          nicolae_vaults_rhombus_7, v_misc_14, layout_vaults_omnibox,
          uniq_bai_suzhen
Vaults:4: nicolae_vaults_little_squares_6, vaults_mumra_hex, v_rooms_3,
          v_misc_16, vaults_room_door_hall, nicolae_vaults_big_angled_halls,
          vaults_room_octagon, serial_ice_b, grunt_vaults_hallway_long,
          nicolae_vaults_specimen_jars, ontoclasm_vaults_ring_square,
          nicolae_vaults_circle_grid_a, v_pattern_3, layout_vaults_maze_bifur,
          serial_shops, shop_fountains, uniq_mara, uniq_boris
Vaults:5: uniq_frederick
Crypt:1:  layout_regular_city, grunt_ministairs_13, beargit_elvish_explorers
Crypt:2:  layout_misc_corridors
Crypt:3:  due_elkab, layout_chaotic_city, gammafunk_ghost_split
Depths:1: layout_cave_pools, enter_ziggurat_e, grunt_decor_junction,
          pf_coc_iceberg, kennysheep_kite_vault, grunt_megastairs_4
Depths:2: wad_arrow_thing, layout_gridlike, pan_entry, minmay_misc_feat_encased,
          hell_entry, st_stairs_10
Depths:3: hangedman_box_tower, layout_cave_pools, corexii_leaking_fountain,
          hangedman_abyss_entry_splay, grunt_metal_band
Depths:4: grunt_twist_and_shout, layout_gridlike, hell_entry,
          serial_sigils_hangedman_quiver, abyss_entry, roderic_three_in_a_row,
          zin_angel

Skill      XL: |  1  2  3  4  5  6  7  8  9 10 11 12 13 14 15 16 17 18 19 20 21 22 23 24 25 |
---------------+----------------------------------------------------------------------------+-----
Fighting       | 4 5 6 7 9 10 14 15 16 17 18 19 20 21 22 23 24 25 | 25.1
Armour         | 4 5 6 8 9 10 11 13 15 16 17 18 19 20 21 22 | 22.8
Maces & Flails | 3 |  3.6
Polearms       | 1 3 5 7 8 9 10 11 13 14 15 16 17 18 19 20 | 20.7
Dodging        | 3 5 6 7 9 10 11 12 13 14 15 16 17 | 17.3
Throwing       | 1 3 |  3.0
Shields        | 5 7 9 12 15 17 19 20 21 | 21.7

Action                   |  1- 3 |  4- 6 |  7- 9 | 10-12 | 13-15 | 16-18 | 19-21 | 22-24 | 25-27 || total
-------------------------+-------+-------+-------+-------+-------+-------+-------+-------+-------++-------
Melee: Flail             |    46 |       |       |       |       |       |       |       |       ||    46
       Whip              |    42 |   237 |       |       |       |       |       |       |       ||   279
       Demon trident     |       |    12 |   277 |   456 |  1488 |  1996 |  2022 |  2217 |   814 ||  9282
       Bardiche          |       |       |       |       |       |       |    54 |       |       ||    54
       Headbutt          |       |       |       |       |       |       |       |       |    35 ||    35
Throw: Dart              |       |    52 |    23 |       |       |       |       |       |       ||    75
       Boomerang         |       |       |       |       |    68 |       |       |       |       ||    68
       Javelin           |       |       |       |       |     2 |     3 |       |     1 |       ||     6
       Throwing net      |       |       |       |       |       |     1 |     1 |       |       ||     2
Invok: Reject Sacrifices |       |       |     1 |       |     1 |     2 |     2 |     1 |     1 ||     8
       Sacrifice Artific |       |       |       |     1 |       |       |       |       |       ||     1
       Power Leap        |       |       |       |       |     1 |       |     2 |       |       ||     3
       Sacrifice Purity  |       |       |       |       |     1 |       |       |       |       ||     1
       Sacrifice Essence |       |       |       |       |     1 |       |       |       |       ||     1
       Sacrifice Stealth |       |       |       |       |     1 |       |       |       |       ||     1
  Use: Scroll            |       |     9 |     3 |    11 |    13 |    12 |    17 |    14 |     6 ||    85
       Potion            |       |     1 |     1 |     2 |    15 |     7 |     7 |     1 |     8 ||    42
 Stab: Distracted        |       |       |       |     1 |     4 |     6 |     5 |    10 |     1 ||    27
       Petrified         |       |       |       |       |     7 |       |       |       |       ||     7
       Petrifying        |       |       |       |       |     1 |       |       |       |       ||     1
       Invisible         |       |       |       |       |       |     3 |     5 |     2 |     1 ||    11
       Held in net/web   |       |       |       |       |       |       |     2 |       |       ||     2
       Paralysed         |       |       |       |       |       |       |     1 |     1 |       ||     2
       Fleeing           |       |       |       |       |       |       |       |       |     2 ||     2
Armor: Scale mail        |    33 |   130 |   131 |    29 |       |       |       |       |       ||   323
       Chain mail        |       |       |       |   111 |   306 |       |       |       |       ||   417
       Ring mail         |       |       |       |     9 |   194 |       |       |       |       ||   203
       Plate armour      |       |       |       |       |    84 |   869 |   730 |   248 |       ||  1931
       Gold dragon scale |       |       |       |       |       |       |       |   315 |   432 ||   747
Dodge: Dodged            |    40 |   102 |   121 |   232 |   847 |   922 |   749 |   653 |   406 ||  4072
Block: Buckler           |    18 |    56 |    36 |    60 |   254 |       |       |       |       ||   424
       Kite shield       |       |       |       |       |    22 |   865 |   906 |  1131 |   748 ||  3672

Table legend: (Time is in decaauts)
 A = Elapsed time spent in this place.
 B = Non-inter-level travel time spent in this place.
 C = Inter-level travel time spent in this place.
 D = Time resting spent in this place.
 E = Time spent auto-exploring this place.
 F = Levels seen in this place.
 G = Mean time per level.
                   A        B        C        D        E       F      G
               +--------+--------+--------+--------+--------+-----+--------+
         Total |  71066 |  68001 |   3065 |  17937 |  36182 |  54 | 1316.0 |
       Dungeon |  15364 |  14382 |    982 |   1932 |   9747 |  15 | 1024.3 |
        Temple |     56 |     42 |     14 |      0 |     32 |   1 |   56.0 |
          Lair |   7782 |   7275 |    507 |    784 |   5095 |   5 | 1556.4 |
        Shoals |   5934 |   5721 |    213 |   1684 |   2984 |   4 | 1483.5 |
     Snake Pit |   9200 |   9014 |    186 |   2879 |   4712 |   4 | 2300.0 |
    Slime Pits |   2954 |   2867 |     87 |   1322 |    888 |   5 |  590.8 |
  Orcish Mines |   4992 |   4924 |     68 |   2887 |   1490 |   2 | 2496.0 |
   Elven Halls |   9053 |   8855 |    198 |   4532 |   2499 |   3 | 3017.7 |
        Vaults |   7192 |   6706 |    486 |   1232 |   3853 |   5 | 1438.4 |
         Crypt |   3184 |   3066 |    118 |    187 |   1738 |   3 | 1061.3 |
        Depths |   4273 |   4071 |    202 |    152 |   2730 |   4 | 1068.2 |
        Bazaar |    133 |    133 |      0 |      0 |      5 |   1 |  133.0 |
         Sewer |    472 |    472 |      0 |    344 |     40 |   1 |  472.0 |
        Bailey |    472 |    472 |      0 |      0 |    369 |   1 |  472.0 |
               +--------+--------+--------+--------+--------+-----+--------+

Top non-repeatable levels by time:
   Elf:2: 5183 daAuts
 Snake:3: 3600 daAuts
  Lair:5: 3197 daAuts
   Orc:1: 3186 daAuts
Shoals:3: 2702 daAuts
   Elf:1: 2340 daAuts
Vaults:2: 2339 daAuts
    D:12: 2112 daAuts
 Snake:4: 2106 daAuts
 Snake:1: 1962 daAuts
   Orc:2: 1806 daAuts
Vaults:3: 1712 daAuts
Vaults:4: 1706 daAuts
 Crypt:3: 1679 daAuts
  Lair:3: 1562 daAuts
